 Dungeon Crawl Stone Soup version 0.17.1-1-g73c8601 (webtiles) character file.

6110 Peloso the Protected (level 10, -18/89 HPs)
             Began as a Minotaur Fighter on Dec 31, 2015.
             Was a Follower of Okawaru.
             Killed from afar by a fire drake (36 damage)
             ... with a blast of flame
             ... on level 10 of the Dungeon.
             The game lasted 00:38:49 (10892 turns).

Peloso the Protected (Minotaur Fighter)            Turns: 10892, Time: 00:38:49

Health: -18/89     AC: 16    Str: 26    XL:     10   Next: 58%
Magic:  9/9        EV:  8    Int:  5    God:    Okawaru [*.....]
Gold:   531        SH: 12    Dex: 11    Spells: 0 memorised, 9 levels left

rFire  x . .     SeeInvis .     a - +1 long sword
rCold  + . .     Clarity  .     j - +0 plate armour
rNeg   . . .     SustAt   .     c - +0 shield
rPois  +         Gourm    .     (helmet restricted)
rElec  .         Spirit   .     (no cloak)
rCorr  .         Warding  .     N - +0 pair of gloves {Str+3}
rMut   .         Stasis   .     (no boots)
MR     .....                    (no amulet)
Stlth  ..........               K - ring of poison resistance
                                L - ring of ice

@: not resistant to hostile enchantments, extremely unstealthy
A: retaliatory headbutt, horns 2
a: Heroism, Renounce Religion


You were on level 10 of the Dungeon.
You worshipped Okawaru.
Okawaru was aware of your devotion.
You were very hungry.

You visited 2 branches of the dungeon, and saw 11 of its levels.
You also visited: Sewer.

You collected 531 gold pieces.

Inventory:

Hand Weapons
 a - a +1 long sword (weapon)
 x - a +0 trident of flaming
Armour
 b - a +0 scale mail
 c - a +0 shield (worn)
 j - a +0 plate armour (worn)
 r - a +0 chain mail
 N - a +0 pair of gloves of strength (worn)
Jewellery
 s - a +2 ring of evasion
 A - an uncursed ring of magical power
 K - a ring of poison resistance (right hand)
 L - a ring of ice (left hand)
Wands
 u - a wand of teleportation (4)
 w - a wand of polymorph (6)
 y - a wand of random effects (10)
 O - a wand of fire (9)
Scrolls
 d - 3 scrolls of amnesia
 f - 8 scrolls of teleportation
 k - a scroll of magic mapping
 l - 2 scrolls of enchant weapon
 o - 3 scrolls of remove curse
 C - 3 scrolls of blinking
 E - 2 scrolls of identify
 I - 3 scrolls of fear
Potions
 g - 2 potions of flight
 h - a potion of invisibility {unknown}
 i - 6 potions of resistance
 m - 5 potions of heal wounds
 n - 4 potions of curing {unknown}
 p - 2 potions of haste {unknown}
 q - a potion of cure mutation {unknown}
 t - 2 potions of poison {unknown}
 v - 4 potions of cancellation
 z - 3 potions of mutation {unknown}
 B - a potion of brilliance {unknown}
 D - a potion of ambrosia {unknown}
 G - a potion of might
 J - 2 potions of degeneration {unknown}
 Q - a potion of agility
Comestibles
 e - 10 bread rations
 F - 5 beef jerkies
 H - a meat ration
 M - 2 slices of pizza
 P - 3 fruits
 R - a royal jelly


   Skills:
 + Level 8.3 Fighting
 + Level 8.8 Long Blades
 * Level 11.3 Armour
 + Level 5.4 Dodging
 + Level 1.6 Stealth
 + Level 9.6 Shields


You had 9 spell levels left.
You didn't know any spells.

Dungeon Overview and Level Annotations

Branches:
Dungeon (10/15)            Temple (1/1) D:5
   Lair: D:8-11         Orc: D:9-12

Altars:
Ashenzari
Cheibriados
Dithmenos
Elyvilon
Fedhas
Gozag
Kikubaaqudgha
Makhleb
Nemelex Xobeh
Okawaru
Qazlal
Ru
Sif Muna
Trog
Vehumet
Xom
Yredelemnul
Zin
The Shining One

Shops:
D:6 (


Innate Abilities, Weirdness & Mutations

You reflexively headbutt those who attack you in melee.
You have a pair of horns on your head.


Message History

The blast of flame hits you! The fire burns you terribly!
You block the hill giant's attack.
You hit the hill giant but do no damage.
You headbutt the hill giant.
The hill giant is moderately wounded.
You hit the hill giant but do no damage.
The hill giant is moderately wounded.
The hill giant hits you with a giant spiked club!
You hit the hill giant.
The hill giant is heavily wounded.
The hill giant hits you with a giant spiked club!
Your shield and plate armour prevent you from hitting the hill giant.
The hill giant is moderately wounded.
The hill giant hits you with a giant spiked club!!
* * * LOW HITPOINT WARNING * * *
You slash the hill giant!
The hill giant is heavily wounded.
The fire drake breathes flames at you. The blast of flame hits you!
The fire burns you terribly!
You die...

#.########
#####........########
#...... #........#
#...... #..#####.#
....... ####..#####.#
#...... #.........#.#
#......##.##..###.#.####
#...k@†$....#.........
#...C##.###.#.#.#.###.
#.#.# #.# #.......# #.
..... ..# ###.#.### #> .
### ### #.#...# #.
#.###.# #. #.# #.# #.
#.###.###. ##.........


You could see a hill giant and a fire drake.

Vanquished Creatures
  Pikel (D:7)
  A two-headed ogre (D:4)
  Sigmund (D:3)
  A spriggan (D:7)
  A deep elf mage (D:10)
  A hungry ghost (D:8)
  Edmund (D:4)
  A black bear (D:10)
  4 sky beasts
  A water moccasin (D:6)
  3 ice beasts
  2 orc warriors
  A phantom (D:6)
  11 ogres
  2 centaurs
  7 giant frogs
  4 scorpions
  6 killer bees (D:9)
  4 wights (D:8)
  A crimson imp (D:5)
  A centaur zombie (D:6)
  4 hounds
  A giant frog zombie (D:5)
  A jelly (D:9)
  A giant frog skeleton (D:4)
  A wasp zombie (D:5)
  2 iguanas
  11 orc wizards
  7 orc priests
  A centaur skeleton (D:5)
  7 worker ants
  A killer bee zombie (D:9)
  A hound skeleton (D:7)
  A hound zombie (D:3)
  A worker ant zombie (D:7)
  18 adders
  2 shadow imps
  2 adder zombies
  An adder skeleton (D:7)
  3 worms (D:2)
  40 orcs
  10 bats
  12 giant cockroaches
  6 goblins
  6 hobgoblins
  16 jackals
  4 ball pythons
  10 giant geckos
  5 giant newts
  A jackal skeleton (D:7)
  6 kobolds
  3 quokkas
  7 rats
247 creatures vanquished.

Vanquished Creatures (collateral kills)
  An orc priest (D:8)
1 creature vanquished.

Grand Total: 248 creatures vanquished

Notes
Turn   | Place    | Note
--------------------------------------------------------------
     0 | D:1      | Peloso the Minotaur Fighter began the quest for the Orb.
     0 | D:1      | Reached XP level 1. HP: 19/19 MP: 0/0
   133 | D:1      | Reached XP level 2. HP: 25/27 MP: 1/1
   149 | D:1      | Reached skill level 4 in Fighting
   904 | D:2      | Found a faded altar to an unknown god.
  1007 | D:2      | Reached XP level 3. HP: 24/33 MP: 2/2
  1214 | D:2      | Reached XP level 4. HP: 23/40 MP: 3/3
  1267 | D:2      | Reached skill level 1 in Dodging
  1404 | D:2      | Found a blossoming altar of Fedhas.
  1693 | D:3      | Noticed Sigmund
  1703 | D:3      | Killed Sigmund
  1703 | D:3      | Reached skill level 5 in Armour
  1703 | D:3      | Reached skill level 5 in Shields
  1703 | D:3      | Reached XP level 5. HP: 47/47 MP: 4/4
  1703 | D:3      | Reached XP level 6. HP: 55/55 MP: 5/5
  1815 | D:3      | Found a glowing drain.
  1859 | Sewer    | Entered a sewer
  2093 | Sewer    | Reached skill level 5 in Fighting
  2722 | D:3      | Reached XP level 7. HP: 61/61 MP: 6/6
  3023 | D:3      | Found a blossoming altar of Fedhas.
  3110 | D:4      | Reached skill level 6 in Armour
  3809 | D:4      | Reached skill level 5 in Long Blades
  4043 | D:4      | Found a bloodstained altar of Trog.
  4185 | D:4      | Reached XP level 8. HP: 45/70 MP: 7/7
  4238 | D:4      | Reached skill level 7 in Armour
  4470 | D:4      | Noticed Edmund
  4482 | D:4      | Killed Edmund
  4482 | D:4      | Reached skill level 1 in Stealth
  4737 | D:4      | Noticed a two-headed ogre
  4745 | D:4      | Killed a two-headed ogre
  5212 | D:5      | Entered Level 5 of the Dungeon
  5652 | D:5      | Found a snail-covered altar of Cheibriados.
  5715 | D:5      | Reached skill level 8 in Armour
  5851 | D:5      | Reached XP level 9. HP: 28/79 MP: 8/8
  6238 | D:5      | Found a staircase to the Ecumenical Temple.
  6344 | D:5      | Found a glowing silver altar of Zin.
  6445 | Temple   | Entered the Ecumenical Temple
  6882 | D:5      | Noticed an angel
  6992 | D:6      | Reached skill level 5 in Dodging
  7032 | D:6      | Found Xunokk Cewo's Weapon Shop.
  7213 | D:6      | Reached skill level 9 in Armour
  7909 | D:7      | Found a shadowy altar of Dithmenos.
  8178 | D:7      | Found a sacrificial altar of Ru.
  8557 | D:7      | Noticed Pikel
  8586 | D:7      | Killed Pikel
  8628 | D:7      | Reached skill level 10 in Armour
  8628 | D:7      | Reached XP level 10. HP: 56/88 MP: 9/9
  9081 | D:8      | Found a shattered altar of Ashenzari.
  9377 | D:8      | Found an iron altar of Okawaru.
  9382 | D:8      | Became a worshipper of Warmaster Okawaru
 10152 | D:9      | Found an opulent altar of Gozag.
 10152 | D:9      | Found a sparkling altar of Nemelex Xobeh.
 10173 | D:9      | Reached skill level 11 in Armour
 10512 | D:10     | Entered Level 10 of the Dungeon
 10627 | D:10     | Reached * piety under Okawaru
 10883 | D:10     | Noticed a hill giant
 10892 | D:10     | Killed from afar by a fire drake

Action                   |  1- 3 |  4- 6 |  7- 9 | 10-12 || total
-------------------------+-------+-------+-------+-------++-------
Melee: Long sword        |    75 |   134 |   424 |   234 ||   867
  Use: Potion            |       |       |     1 |       ||     1
       Scroll            |       |       |    14 |     4 ||    18
  Eat: Chunk             |     1 |     5 |    20 |     6 ||    32
       Royal jelly       |       |       |       |     1 ||     1
